 Dungeon Crawl Stone Soup version 0.29.1-15-g9cfb28693d (webtiles) character file.

Game seed: 7758694382205793702

5 leafyfresh the Sneak (level 1, -1/16 HPs)
             Began as an Octopode Delver on Mar 4, 2023.
             Slain by a hound (5 damage)
             ... on level 5 of the Dungeon.
             The game lasted 00:00:20 (183 turns).

leafyfresh the Sneak (Octopode Delver)               Turns: 183, Time: 00:00:20

Health: -1/16      AC:  1    Str: 11    XL:     1   Next: 80%
Magic:  1/1        EV: 13    Int: 12    God:
Gold:   11         SH:  0    Dex: 13    Spells: 0/0 levels left

rFire   . . .      SeeInvis .   a - +0 short sword
rCold   . . .      Faith    .   (no shield)
rNeg    . . .      Spirit   .   (helmet restricted)
rPois   .          Reflect  .   (no amulet)
rElec   .          Harm     .   (no ring)
rCorr   .          Rampage  .   (no ring)
Will    .....                   (no ring)
Stlth   ++++......              (no ring)
HPRegen 0.05/turn               (no ring)
MPRegen 0.07/turn               (no ring)
                                (no ring)
                                (no ring)

@: no status effects
A: almost no armour, amphibious, 8 rings, camouflage 1, gelatinous body 1,
(nimble swimmer 1), tentacles
a: no special abilities


You were on level 5 of the Dungeon.
You visited 2 branches of the dungeon, and saw 2 of its levels.

You collected 11 gold pieces.

Inventory:

Hand Weapons
 a - a +0 short sword (weapon)
Armour
 g - an orb of wrath
Wands
 f - a wand of digging (3)
Scrolls
 b - a scroll of fog
 c - a scroll of magic mapping
 d - a scroll of fear
Potions
 e - a potion of haste
 h - a potion of degeneration {unknown}


   Skills:
 + Level 3.1 Fighting
 + Level 2.1 Short Blades
 + Level 2.1 Dodging
 + Level 6.7 Stealth


You couldn't memorise any spells.
You didn't know any spells.
Your spell library was empty.

Dungeon Overview and Level Annotations

Branches:
Dungeon (5/15)             Temple (1/1) D:5

Altars:
Hepliaklqana
Kikubaaqudgha
Makhleb
Nemelex Xobeh
Sif Muna
Xom
Yredelemnul
The Shining One


Innate Abilities, Weirdness & Mutations

You cannot wear most types of armour.
You are amphibious.
You can wear up to eight rings at the same time.
Your skin changes colour to match your surroundings (Stealth+).
Your rubbery body absorbs attacks. (AC +1, EV +1)
((You are camouflaged when in or above water. (Stealth+)))
You have tentacles for arms and can constrict up to eight enemies at once.


Message History

You climb upwards.
There is a staircase to the Ecumenical Temple here.
An ufetubus comes into view.
Found a shiny orb.
An ufetubus is nearby!
Found a stone staircase leading down.
An ufetubus is nearby!
An ufetubus is nearby!
The helpless ufetubus fails to defend itself.
You puncture the ufetubus!
You kill the ufetubus!
No target in view!
No target in view!
You now have 11 gold pieces.
You see here an orb of wrath.
g - an orb of wrath
h - a red potion No target in view!
A hound comes into view.
Found a shiny granite ring.
A hound is nearby!
A hound comes into view.
Found 9 gold pieces.
Found a stone staircase leading up.
The hound barks!
There are monsters nearby!
The hound barks!
You closely miss the hound. Your grab misses the hound. The hound bites you. x2
You hit the hound. Your grab misses the hound. Your squeeze misses the hound.
The hound is lightly wounded.
You hit the hound but do no damage. Your grab misses the hound.
The hound closely misses you. The hound bites you. The hound misses you.
The hound bites you.
You hit the hound but do no damage. You grab the hound.
You constrict the hound, but do no damage.
The hound bites you. The hound barely misses you.
You hit the hound but do no damage. You constrict the hound.
The hound bites you.
* * * LOW HITPOINT WARNING * * *
The hound bites you.
You die...

..#######
#####.......
#...=......#####
.............<..
............$...
#...............
#...............
....##h########
##....h@#### ###
##...#....######...
#...#.##...#....#
...............#
#.##............###..
#. ##...............#
# #...........#####
##.........>.##
.###.#
#..............


You could see 2 hounds.

Vanquished Creatures
  An ufetubus (D:5)
1 creature vanquished.

Notes
Turn   | Place    | Note
-------+----------+-------------------------------------------
     0 | D:5      | leafyfresh the Octopode Delver began the quest for the Orb.
     0 | D:5      | Reached XP level 1. HP: 16/16 MP: 1/1
     5 | Temple   | Entered the Ecumenical Temple
   173 | D:5      | Noticed a hound
   175 | D:5      | Noticed a hound
   183 | D:5      | Slain by a hound

Illustrated notes

Levels and vault maps discovered:
D:5:      layout_rooms, temple_fountains, uniq_menkaure
Temple:   nicolae_temple_two_arcs

Action                   || total
-------------------------++-------
Melee: Short sword       ||     6
       Constrict         ||     1
 Stab: Sleeping          ||     1
Dodge: Dodged            ||     3
